 Dungeon Crawl Stone Soup version 0.26-a0-712-ga5a9c9c9d0 (webtiles) character file.

Game seed: 11236996291163206374

51 Graouh the Shield-Bearer (level 4, -7/35 HPs)
             Began as a Human Fighter on Nov 5, 2020.
             Killed by divine providence
             ... invoked by an orc priest
              (9 damage)
             ... on level 3 of the Dungeon.
             The game lasted 00:01:20 (1822 turns).

Graouh the Shield-Bearer (Human Fighter)            Turns: 1822, Time: 00:01:21

Health: -7/35      AC:  8    Str: 17    XL:     4   Next: 5%
Magic:  4/4        EV:  7    Int:  9    God:
Gold:   70         SH:  9    Dex: 12    Spells: 3/3 levels left

rFire    . . .     SeeInvis .   a - +0 flail
rCold    . . .     Faith    .   c - +0 kite shield
rNeg     . . .     Spirit   .   b - +0 scale mail
rPois    .         Reflect  .   (no helmet)
rElec    .         Harm     .   (no cloak)
rCorr    .         Rampage  .   e - +0 pair of gloves
MR       .....                  (no boots)
Stlth    ..........             (no amulet)
HPRegen  0.11/turn              (no ring)
MPRegen  0.09/turn              (no ring)

@: no status effects
A: no striking features
a: no special abilities


You were on level 3 of the Dungeon.
You visited 1 branch of the dungeon, and saw 3 of its levels.

You collected 70 gold pieces.

Inventory:

Hand Weapons
 a - a +0 flail (weapon)
Missiles
 p - 3 curare-tipped darts (quivered)
Armour
 b - a +0 scale mail (worn)
 c - a +0 kite shield (worn)
 e - a +0 pair of gloves (worn)
Wands
 r - a wand of iceblast (11)
Scrolls
 f - 3 scrolls of remove curse {unknown}
 g - a scroll of enchant armour {unknown}
 i - a scroll of identify {unknown}
 j - a scroll of immolation {unknown}
 m - a scroll of enchant weapon {unknown}
 o - a scroll of magic mapping {unknown}
 q - a scroll of blinking {unknown}
Potions
 d - a potion of might
 h - a potion of invisibility {unknown}
 k - a potion of curing {unknown}
 l - a potion of degeneration {unknown}
 n - a potion of heal wounds {unknown}


   Skills:
 + Level 3.2 Fighting
 + Level 2.7 Maces & Flails
 + Level 3.4 Armour
 + Level 0.3 Dodging
 + Level 3.4 Shields


You had 3 spell levels left.
You didn't know any spells.
Your spell library was empty.

Dungeon Overview and Level Annotations

Branches:
Dungeon (3/15)

Altars:


Message History

You are too injured to fight recklessly!
You are too injured to fight recklessly!
You are too injured to fight recklessly!
There are monsters nearby!
Your shield prevents you from hitting the orc priest.
The orc priest is severely wounded.
The orc priest hits you but does no damage.
You closely miss the orc priest.
The orc priest is severely wounded.
You barely miss the orc.
The orc priest casts a cantrip, but nothing happens.
The orc closely misses you.
You hit the orc.
The orc is moderately wounded.
The orc hits you but does no damage.
You closely miss the orc.
The orc is moderately wounded.
The orc priest invokes the aid of Beogh against you.
Beogh smites you!
You die...

##############
#########>......@ooo.#
............########.#
†########.#..##
.)...[....#...#
)###.......##'# .#
#.########.## .###.##
#8.8# .##.#.## ##.##
.#.###.######.##


You could see 2 orc priests and an orc.

Vanquished Creatures
  A worm (D:2)
  A dart slug (D:1)
  3 orcs (D:3)
  2 ball pythons (D:1)
  4 bats
  2 giant cockroaches (D:1)
  5 goblins
  5 hobgoblins
  3 jackals (D:1)
  4 kobolds
  A frilled lizard (D:2)
  11 rats
42 creatures vanquished.

Notes
Turn   | Place    | Note
-------+----------+-------------------------------------------
     0 | D:1      | Graouh the Human Fighter began the quest for the Orb.
     0 | D:1      | Reached XP level 1. HP: 18/18 MP: 1/1
    73 | D:1      | Reached XP level 2. HP: 24/24 MP: 2/2
   282 | D:1      | Reached XP level 3. HP: 23/29 MP: 3/3
  1733 | D:3      | Reached XP level 4. HP: 33/35 MP: 4/4
  1817 | D:3      | HP: 1/35 [orc priest/divine providence (10)]
  1822 | D:3      | Killed from afar by an orc priest

Illustrated notes

Levels and vault maps discovered:
D:1:      sevenhm_arrival_forest_fort_small_6, layout_basic
D:2:      layout_loops_ring
D:3:      layout_loops_ring, ashenzari_conservatory_becter,
          lemuel_coloured_pillars_altar, lemuel_round_altar, dk_noncrumbling_2

Action                   |  1- 3 |  4- 6 || total
-------------------------+-------+-------++-------
Melee: Flail             |   120 |    10 ||   130
Armor: Scale mail        |    64 |     2 ||    66
Dodge: Dodged            |    32 |     2 ||    34
Block: Kite shield       |    73 |     6 ||    79

Table legend: (Time is in decaauts)
 A = Elapsed time spent in this place.
 B = Non-inter-level travel time spent in this place.
 C = Inter-level travel time spent in this place.
 D = Time resting spent in this place.
 E = Time spent auto-exploring this place.
 F = Levels seen in this place.
 G = Mean time per level.
                   A        B        C        D        E       F      G
               +--------+--------+--------+--------+--------+-----+--------+
         Total |   1873 |   1842 |     31 |    173 |   1346 |   3 |  624.3 |
       Dungeon |   1873 |   1842 |     31 |    173 |   1346 |   3 |  624.3 |
               +--------+--------+--------+--------+--------+-----+--------+

Top non-repeatable levels by time:
     D:1: 959 daAuts
     D:2: 766 daAuts
     D:3: 147 daAuts
